 Dungeon Crawl Stone Soup version 0.25.1-2-g60ff931df9 (webtiles) character file.

Game seed: 4824394248848778825

14 Ch1lls the Chopper (level 2, -1/27 HPs)
             Began as a Hill Orc Berserker on Aug 3, 2020.
             Was a Follower of Trog.
             Slain by Terence
             ... wielding a +0 hand axe
              (3 damage)
             ... on level 1 of the Dungeon.
             The game lasted 00:03:57 (942 turns).

Ch1lls the Chopper (Hill Orc Berserker)              Turns: 942, Time: 00:03:58

Health: -1/27      AC:  3    Str: 19    XL:     2   Next: 41%
Magic:  2/2        EV: 11    Int:  7    God:    Trog [*.....]
Gold:   46         SH:  0    Dex: 10    Spells: 1/1 levels left

rFire    . . .     SeeInvis .   a - +0 hand axe
rCold    . . .     Gourm    .   (no shield)
rNeg     . . .     Faith    .   j - +0 leather armour
rPois    .         Spirit   .   (no helmet)
rElec    .         Reflect  .   (no cloak)
rCorr    .         Harm     .   (no gloves)
MR       .....                  (no boots)
Stlth    +.........             (no amulet)
HPRegen  0.09/turn              (no ring)
MPRegen  0.08/turn              (no ring)

@: no status effects
A: no striking features
a: Berserk, Renounce Religion


You were on level 1 of the Dungeon.
You worshipped Trog.
Trog was aware of your devotion.
You were not hungry.

You visited 1 branch of the dungeon, and saw 2 of its levels.

You collected 46 gold pieces.

Inventory:

Hand Weapons
 a - a +0 hand axe (weapon)
Armour
 b - a +0 animal skin
 j - a +0 leather armour (worn)
Scrolls
 h - a scroll of amnesia {unknown}
 i - a scroll of enchant weapon {unknown}
 k - a scroll of remove curse {unknown}
Potions
 e - a potion of resistance {unknown}
 f - a potion of cancellation {unknown}
 g - a potion of haste {unknown}
Comestibles
 c - 3 rations
 d - 2 chunks of flesh


   Skills:
 + Level 4.0 Fighting
 + Level 4.4 Axes
 + Level 2.2 Armour
 + Level 1.6 Dodging


You had one spell level left.
You didn't know any spells.
Your spell library was empty.

Dungeon Overview and Level Annotations

Branches:
Dungeon (2/15)

Altars:

Annotations:
D:1 Terence
D:2 Jessica


Message History

You kill the quokka!
Trog accepts your kill.
You see here a quokka corpse.
You butcher the quokka corpse.
d - 2 chunks of flesh (gained 1)
You see here a quokka skeleton.
Found a stone staircase leading up.
There is a stone staircase leading up here.
A goblin, Jessica and Terence come into view.
Terence is wielding a +0 hand axe and wearing a +2 scale mail of fire resistance.
Terence shouts!
Jessica shouts!
The goblin shouts!
Terence hits you with a +0 hand axe.
* * * LOW HITPOINT WARNING * * *
There is a stone staircase leading up here.
Terence hits you with a +0 hand axe!
* * * LOW HITPOINT WARNING * * *
You climb upwards.
There is a stone staircase leading down here.
Terence hits you with a +0 hand axe.
You die...

#########............###### #....
..........................# #....
############.........####.###(...
## ####.........#......'.... .##
#..(##########.###.##.... ..##
#...# #.##........ ...## #...#
#.##.#......
....#####...##########.##.#......
#...............@@.........>.....
.#..#####...##########.#..#......
#..## #...# #.#.##..#### ..##
#...# #.#.....##
.########...##########.####...###
##........................##..##.
...###################....##...#.
##.# ###### #....##(#.#. #.#
#....# #....##...#.


You could see Terence.

Vanquished Creatures
  A dart slug (D:1)
  2 goblins
  2 jackals (D:1)
  A kobold (D:1)
  A quokka (D:2)
  A ball python (D:2)
  3 rats
11 creatures vanquished.

Notes
Turn   | Place    | Note
-------+----------+-------------------------------------------
     0 | D:1      | Ch1lls the Hill Orc Berserker began the quest for the Orb.
     0 | D:1      | Reached XP level 1. HP: 19/19 MP: 1/1
   195 | D:1      | Reached XP level 2. HP: 19/27 MP: 2/2
   924 | D:2      | Noticed Terence
   924 | D:2      | Noticed Jessica
   930 | D:2      | HP: 1/27 [Terence/+0 hand axe (7)]
   942 | D:1      | Slain by Terence

Illustrated notes

Levels and vault maps discovered:
D:1:      scummos_arrival_hexagon, layout_basic
D:2:      layout_loops_ring, first_ration, kennysheep_potato, uniq_terence,
          uniq_jessica, uniq_natasha

Skill      XL: |  1  2 |
---------------+-------+-----
Fighting       | 4 |  4.0
Axes           | |  4.4
Armour         | |  2.2
Dodging        | |  1.6

Action                   || total
-------------------------++-------
Melee: Hand axe          ||    41
Armor: Animal skin       ||     2
       Leather armour    ||     4
Dodge: Dodged            ||    21
